 Seeded DCSS version 0.30-a0-55-g90e3122c3a (webtiles) character file.

Game seed: 17246712331252751712 (custom seed)

329511 wilfster70 the Conqueror (level 20, -5/207 (216) HPs)
             Began as a Minotaur Berserker on Sept 7, 2022.
             Was a High Priest of Trog.
             Slain by a bone dragon (18 damage)
             ... called by a doom hound
             ... on level 2 of the Depths on Sept 9, 2022.
             The game lasted 01:58:58 (44268 turns).

wilfster70 the Conqueror (Minotaur Berserker)      Turns: 44268, Time: 01:58:58

HP:   -5/207 (216)  AC: 29    Str: 30    XL:     20   Next: 44%
MP:   19/19         EV: 15    Int:  6    God:    Trog [*****.]
Gold: 2516          SH: 23    Dex: 11    Spells: 19/19 levels left

rFire   + + .      SeeInvis +    a - +8 demon trident (elec)
rCold   + . .      Faith    .    J - +1 tower shield {reflect}
rNeg    . . .      Spirit   .    c - +3 plate armour {rF+}
rPois   +          Reflect  +    V - +3 crown of Dyrovepreva {rElec Int+2 SInv}
rElec   +          Harm     .    n - scarf {rC+ rF+}
rCorr   +          Rampage  ∞    (no gloves)
Will    +++..                    i - +3 pair of seven-league boots {Rampage+∞}
Stlth   ..........               T - amulet of Beogh's Outrage {+Inv Regen+ rCorr Stlth-}
HPRegen 2.24/turn                S - +4 ring of protection
MPRegen 0.16/turn                X - ring "Jahosoff" {rPois EV+4}

@: strong-willed, regenerating, slowed, lightly drained, very slow
A: horns 2, retaliatory headbutt
}: 3/15 runes: barnacled, abyssal, gossamer
a: Renounce Religion, Evoke Invisibility, Berserk, Trog's Hand, Brothers in Arms


You were on level 2 of the Depths.
You worshipped Trog.
Trog was extremely pleased with you.
You visited 7 branches of the dungeon, and saw 36 of its levels.
You visited the Abyss 1 time.
You visited 1 bazaar.
You also visited: Sewer and Gauntlet.

You collected 3931 gold pieces.
You spent 1415 gold pieces at shops.

Inventory:

Hand Weapons
 a - a +8 demon trident of electrocution (weapon)
Missiles
 G - 38 poisoned darts (quivered)
 L - 11 curare-tipped darts
 W - 5 javelins
 Z - 7 silver javelins
Armour
 c - a +3 plate armour of fire resistance (worn)
 e - a +1 buckler of cold resistance
 i - the +3 pair of seven-league boots (worn) {Rampage+∞}
   (You acquired it in a sewer)

   Its wearer moves as far as possible in that direction when moving towards
   enemies.
 n - a scarf of resistance (worn)
 p - the +1 cloak "Bovoschia" {Int+6}
   (You acquired it on level 3 of the Shoals)

   Int:       It affects your intelligence (+6).
 H - +2 swamp dragon scales
 J - a +1 tower shield of reflection (worn)
 V - the +3 crown of Dyrovepreva (worn) {rElec Int+2 SInv}
   (You found it on level 10 of the Dungeon)

   Int:       It affects your intelligence (+2).
   rElec:     It insulates you from electricity.
   SInv:      It lets you see invisible.
Jewellery
 o - a ring of resist corrosion
 S - a +4 ring of protection (left hand)
 T - the amulet of Beogh's Outrage (around neck) {+Inv Regen+ rCorr Stlth-}
   (You found it on level 14 of the Dungeon)

   [amulet of regeneration]

   +Inv:      It lets you turn invisible.
   Regen:     It increases your rate of health regeneration.
   rCorr:     It protects you from acid and corrosion.
   Stlth:     It makes you less stealthy.
 X - the ring "Jahosoff" (right hand) {rPois EV+4}
   (You took it off a minotaur in a Gauntlet)

   [ring of evasion]

   EV:        It affects your evasion (+4).
   rPois:     It protects you from poison.
Wands
 v - a wand of paralysis (12)
 B - a wand of mindburst (9)
 I - a wand of roots (6)
 K - a wand of flame (54)
 O - a wand of digging (13)
 P - a wand of polymorph (13)
 Q - a wand of light (13)
Scrolls
 f - 7 scrolls of teleportation
 g - 11 scrolls of fog
 j - 10 scrolls of poison
 q - 2 scrolls of summoning
 r - 2 scrolls of enchant armour
 s - 4 scrolls of magic mapping
 w - 2 scrolls of fear
 C - 4 scrolls of silence
Potions
 d - 8 potions of lignification
 h - 8 potions of curing
 l - 6 potions of cancellation
 m - 5 potions of flight
 t - 8 potions of invisibility
 x - 5 potions of magic
 z - 7 potions of mutation
 A - 3 potions of might
 E - 5 potions of haste
 M - 3 potions of resistance
 R - 12 potions of ambrosia
Miscellaneous
 y - a phantom mirror


   Skills:
 O Level 27 Fighting
 - Level 14.0(14.2) Polearms
 - Level 4.0(9.9) Staves
 - Level 6.0 Throwing
 - Level 12.0 Armour
 - Level 12.0 Dodging
 + Level 23.4 Shields
 - Level 11.2 Evocations


You had 19 spell levels left.
You didn't know any spells.
Your spell library was empty.

Dungeon Overview and Level Annotations

Branches:
Dungeon (15/15)            Temple (0/1) D:7            Lair (5/5) D:11
 Shoals (4/4) Lair:3       Spider (4/4) Lair:3        Slime (0/5) Lair:5
    Orc (2/2) D:11            Elf (0/3) Orc:2        Vaults (4/5) D:14
  Crypt (0/3) Vaults:3     Depths (2/4) D:15          Sewer (visited)
Gauntlet (visited)

Altars:
Ashenzari
Dithmenos
Elyvilon
Gozag
Hepliaklqana
Kikubaaqudgha
Makhleb
Nemelex Xobeh
Qazlal
Ru
Sif Muna
Trog
Uskayaw
Vehumet
Wu Jian
The Shining One

Shops:
D:12 **!(   Orc:2 :!(:   Vaults:1 :   Vaults:4 [   Depths:1 (

Portals:
Hell: Lair:5 Depths:1 Depths:2
Pandemonium: Depths:2
Ziggurat: Depths:1
Trove: D:10 (give +2 gold dragon scales)

Annotations:
Shoals:3 Bai Suzhen, Donald
Orc:1 exclusion: downstairs
Depths:2 2 transporters, exclusion: orange crystal statue, Grunn; Pein's ghost, veteran DrFE


Innate Abilities, Weirdness & Mutations

You have a pair of horns on your head.
You reflexively headbutt those who attack you in melee.


Message History

Your ogre is poisoned.
Your ogre seems to slow down.
The putrid mouth throws miasma at you.
The foul vapour engulfs you but does no damage.
The reaper shouts, "Die, wilfster70!"
The reaper closely misses you. You block the Tzitzimitl's attack.
The Tzitzimitl bites you.
* * * LOW HITPOINT WARNING * * *
The Tzitzimitl attacks as you move away!
You block the Tzitzimitl's attack. The Tzitzimitl bites you!
* * * LOW HITPOINT WARNING * * *
You feel drained.
* * * LOW HITPOINT WARNING * * *
Your ogre closely misses the Tzitzimitl.
The putrid mouth throws miasma at you.
The foul vapour engulfs you but does no damage.
You feel much better.
You are engulfed in dark miasma.
* * * LOW HITPOINT WARNING * * *
Your ogre is engulfed in dark miasma.
Your ogre looks even sicker.
The putrid mouth throws miasma at you.
The foul vapour engulfs the Tzitzimitl.
The Tzitzimitl completely resists.
The Tzitzimitl engulfs you!
* * * LOW HITPOINT WARNING * * *
The Tzitzimitl drains your vigour!
You feel as though you will be slow longer.
The Tzitzimitl bites you!
* * * LOW HITPOINT WARNING * * *
You block the reaper's attack.
The Tzitzimitl calls on the powers of darkness!
Your ogre convulses!
Your body is wracked with pain!
* * * LOW HITPOINT WARNING * * *
Your ogre is engulfed in dark miasma.
Your ogre looks even sicker.
Your ogre misses the Tzitzimitl. The putrid mouth bites your ogre!
The putrid mouth barely misses your ogre.
You feel better.
You are engulfed in dark miasma.
You feel as though you will be slow longer.
You block the reaper's attack. The bone dragon bites you!!
You die...

#..##CD.##..##....# ##.##.#####
#..#####..#......###..........
#....©....####.#.#..........##
###.......#..#.#.............##
#..<.........##.............
##..<....#.....##.#........#
#.......## ..###..##.......#
###.#.......###.#...##......#
.#...###.##....D@#....#......# .
.....#....####.O1#....##.....#...
.#...##...###..2W##....#.........
#....##..##......○..........#..
#.....##.....#.#.#.#.#..#####
##..:..####.#.#.#.#.#.......#
##....# #..#.#.#.#.#......####
##...####.#.#.#.#.#.......)...
#...##....#.#.#.#.#.......###


You could see a bone dragon, a Tzitzimitl (ally target), a reaper, a putrid
mouth and a friendly ogre (summoned, berserk, very poisoned, slow).

Vanquished Creatures
  Mara (Spider:3)
  A golden dragon (Vaults:4)
  A bone dragon (Abyss:3)
  2 hellephants (Depths:1)
  A Hell Sentinel (Abyss:3)
  Mlioglotl (Shoals:2)
  Frances (D:13)
  A tentacled starspawn (Abyss:3)
  A tengu reaver (Vaults:4)
  A sphinx (Vaults:2)
  Kirke (Lair:5)
  The ghost of PeterMcNeter the Destroyer, an adept DrCj of Vehumet (Shoals:3)
  A fire giant (Depths:1)
  7 emperor scorpions
  6 frost giants
  7 ghost moths
  7 vault wardens
  5 ironbound preservers
  A spriggan defender (Depths:2)
  3 broodmothers
  2 stone giants (Depths:1)
  2 very ugly things (Depths:1)
  3 ironbound thunderhulks
  2 vampire knights
  A minotaur (Gauntlet)
  Azrael (Spider:2)
  12 dire elephants
  5 entropy weavers
  A blizzard demon (Depths:2)
  10 spark wasps
  2 ettins
  5 merfolk impalers
  2 fire dragons
  An eidolon (Vaults:3)
  6 merfolk javelineers
  A great orb of eyes (Vaults:1)
  Josephine (D:10)
  2 rakshasas
  8 yaktaur captains
  A hell beast (Lair:5)
  4 ice dragons
  8 centaur warriors
  2 ogre magi (Orc:2)
  2 catoblepae
  4 merfolk avatars
  2 radroaches
  4 boulder beetles
  13 hydras
  6 vault guards
  5 two-headed ogres
  3 merfolk aquamancers
  5 ironbound frosthearts (Vaults:1)
  An alligator snapping turtle (Shoals:4)
  7 hell hogs (Depths:1)
  A jorogumo (Spider:2)
  2 deep troll shamans
  3 satyrs
  3 tengu warriors
  An orc high priest (Orc:1)
  2 deep troll earth magi
  15 death yaks
  Nergalle (Lair:1)
  Sonja (D:12)
  A sun demon (Abyss:3)
  A spriggan berserker (Depths:2)
  A skeletal warrior (Vaults:3)
  7 steelbarb worms
  Lodul (D:12)
  A flayed ghost (D:14)
  2 pharaoh ants
  22 deep trolls
  6 sea snakes
  A glowing orange brain (Depths:2)
  7 wizards
  9 orb spiders
  4 lindwurms
  4 wolf spider zombies (Spider:2)
  6 ironbound convokers
  2 phantasmal warriors (Depths:1)
  7 harpies
  3 orc knights
  A deep elf pyromancer (D:14)
  23 wolf spiders
  A shining eye (shapeshifter) (Vaults:4)
  2 spectral wolf spiders (Spider:2)
  2 oklob plants
  22 ugly things
  11 fauns
  A moth of wrath (Spider:3)
  11 orc sorcerers
  9 manticores
  3 elephants
  5 black mambas
  8 cyclopes
  A rust devil (Depths:2)
  17 cane toads
  A guardian serpent (Abyss:3)
  11 vault sentinels
  An ice statue (Lair:5)
  9 merfolk sirens
  Joseph (D:7)
  2 smoke demons
  10 torpor snails
  A water nymph (Shoals:4)
  3 gargoyles
  2 orange demons (Lair:5)
  36 yaktaurs
  Maggie (Lair:1)
  8 demonic crawlers
  Psyche (D:12)
  A tormentor (Depths:2)
  8 rime drakes
  5 spectral merfolk (Shoals:3)
  5 ice devils (Lair:5)
  2 freezing wraiths
  12 komodo dragons
  An ancient zyme (Abyss:3)
  2 red devils
  2 polar bears (Lair:5)
  5 trolls
  6 meliai
  A queen bee (Spider:3)
  17 merfolk
  10 hornets
  44 tarantellas
  2 wind drakes
  2 wolf spider simulacra (Spider:2)
  13 dream sheep
  32 slime creatures
  34 blink frogs
  6 snapping turtles
  A centaur simulacrum (D:15)
  29 jumping spiders
  A ynoxinul (Depths:2)
  28 culicivoras
  3 spriggans (Depths:2)
  8 wyverns
  14 wraiths
  2 shadows
  9 humans (D:14)
  2 water elementals (Shoals:1)
  4 basilisks
  11 fire bats (D:14)
  3 fire elementals (Spider:2)
  39 yaks
  2 steam dragons
  10 vampire mosquitoes
  2 sea snake simulacra (Shoals:3)
  A neqoxec (Depths:2)
  4 wargs
  3 swamp worms (Gauntlet)
  65 redbacks
  8 acid dragons
  A spectral snapping turtle (Shoals:3)
  5 hell hounds
  29 water moccasins
  6 ice beasts
  5 black bears
  9 starcursed masses (Abyss:3)
  18 orc warriors
  A boggart (Vaults:1)
  A wind drake simulacrum (Shoals:3)
  5 wolves (Lair:2)
  13 ogres
  9 centaurs
  4 kobold brigands
  A phantom (D:6)
  2 necrophages (D:5)
  12 bullfrogs
  A gnoll sergeant (D:8)
  A water nymph simulacrum (Shoals:3)
  31 scorpions
  4 wights (D:8)
  24 killer bees
  4 howler monkeys
  A snapping turtle simulacrum (Shoals:3)
  2 electric eels
  2 crimson imps (Gauntlet)
  7 hounds
  2 jellies (D:6)
  9 orc priests
  A gnoll bouda (D:5)
  4 iguanas
  38 orc wizards
  6 hell rats
  9 gnolls (D:5)
  12 adders
  6 river rats
  A shadow imp (D:7)
  3 white imps
  2 ufetubi
  3 worms
  4 dart slugs
  76 orcs
  6 ball pythons
  62 bats
  6 endoplasms
  8 giant cockroaches
  5 hobgoblins
  3 quokkas
  A frilled lizard (D:2)
  9 goblins
  13 kobolds
  5 rats
1453 creatures vanquished.

Vanquished Creatures (collateral kills)
  Jorgrun (D:14)
  A thorn hunter (Abyss:3)
  Ilsuiw (Shoals:3)
  A nagaraja (Abyss:3)
  A vault warden (Vaults:4)
  Aizul (Shoals:2)
  2 spark wasps (Depths:1)
  2 merfolk impalers (Shoals:3)
  A catoblepas (D:14)
  A thrashing horror (Abyss:3)
  A wretched star (Abyss:3)
  A wizard (Vaults:4)
  An ugly thing (Vaults:4)
  A wolf spider (Spider:3)
  A cyclops (Shoals:3)
  A worldbinder (Abyss:3)
  2 merfolk sirens (Shoals:3)
  An apocalypse crab (Abyss:3)
  A water nymph (Shoals:2)
  A tormentor (Depths:2)
  A tarantella (Spider:3)
  A ynoxinul (Abyss:3)
  A culicivora (Spider:3)
  A redback (Spider:2)
  A small abomination (Abyss:3)
28 creatures vanquished.

Vanquished Creatures (others)
  A small abomination (Abyss:3)
  4 humans
  13 demonic plants (Gauntlet)
  33 fungi
  A lurking horror (Abyss:3)
  63 plants
  2 starspawn tentacles (Abyss:3)
117 creatures vanquished.

Grand Total: 1598 creatures vanquished

Notes
Turn   | Place    | Note
-------+----------+-------------------------------------------
     0 | D:1      | wilfster70 the Minotaur Berserker began the quest for the
                  | Orb.
     0 | D:1      | Reached XP level 1. HP: 19/19 MP: 0/0
    79 | D:1      | Identified a scroll of acquirement
    79 | D:1      | Acquired a +3 plate armour of fire resistance
   201 | D:1      | Reached XP level 2. HP: 27/27 MP: 1/1
   211 | D:1      | Acquired a +1 buckler of cold resistance
   417 | D:1      | Reached skill level 4 in Fighting
   640 | D:2      | Reached skill level 1 in Shields
   640 | D:2      | Reached XP level 3. HP: 33/33 MP: 2/2
  1051 | D:2      | Found a faded altar of an unknown god.
  1307 | D:3      | Found a glowing drain.
  1333 | D:3      | Reached XP level 4. HP: 40/40 MP: 3/3
  1339 | D:3      | Reached skill level 5 in Polearms
  1355 | Sewer    | Entered a sewer
  1626 | Sewer    | Acquired the +3 pair of seven-league boots {Rampage+∞}
  1626 | Sewer    | Found the +3 pair of seven-league boots {Rampage+∞}
  1738 | Sewer    | Reached ** piety under Trog
  1759 | Sewer    | Noticed a kobold brigand
  1774 | Sewer    | Reached XP level 5. HP: 47/47 MP: 4/4
  1978 | Sewer    | Reached skill level 5 in Fighting
  2002 | Sewer    | Reached XP level 6. HP: 49/56 MP: 5/5
  2207 | D:3      | Found a burning altar of Makhleb.
  2222 | D:3      | Found an opulent altar of Gozag.
  2385 | D:3      | Found an ornate altar of the Wu Jian Council.
  2589 | D:3      | Found a shimmering blue altar of Sif Muna.
  2607 | D:3      | Found an ancient bone altar of Kikubaaqudgha.
  3003 | D:4      | Found a bloodstained altar of Trog.
  3094 | D:4      | Reached XP level 7. HP: 62/62 MP: 6/6
  3112 | D:4      | Found a sacrificial altar of Ru.
  3143 | D:4      | Reached *** piety under Trog
  3467 | D:5      | Entered Level 5 of the Dungeon
  3482 | D:5      | Reached skill level 6 in Fighting
  3582 | D:5      | Reached skill level 5 in Shields
  3732 | D:5      | Reached XP level 8. HP: 63/71 MP: 7/7
  3837 | D:5      | Found a sparkling altar of Nemelex Xobeh.
  4063 | D:5      | Found a shadowy altar of Dithmenos.
  4590 | D:6      | Reached skill level 7 in Fighting
  4676 | D:6      | Reached skill level 10 in Polearms
  5077 | D:6      | Reached skill level 8 in Fighting
  5535 | D:6      | Reached XP level 9. HP: 81/81 MP: 8/8
  5820 | D:7      | Noticed Joseph
  5834 | D:7      | Killed Joseph
  5844 | D:7      | Reached skill level 9 in Fighting
  6191 | D:7      | Found a staircase to the Ecumenical Temple.
  6367 | D:8      | Paralysed by a hornet for 2 turns
  7275 | D:8      | Found a broken altar of Ashenzari.
  7356 | D:8      | Found a faded altar of an unknown god.
  7356 | D:8      | Found a hazy altar of Hepliaklqana.
  7839 | D:9      | Reached skill level 10 in Fighting
  7839 | D:9      | Reached XP level 10. HP: 93/93 MP: 9/9
  7869 | D:9      | Found a glowing golden altar of the Shining One.
  7994 | D:9      | Paralysed by a hornet for 3 turns
  8557 | D:9      | Found a white marble altar of Elyvilon.
  8882 | D:10     | Entered Level 10 of the Dungeon
  8923 | D:10     | Noticed a two-headed ogre
  8928 | D:10     | Killed a two-headed ogre
  8929 | D:10     | Reached skill level 11 in Fighting
  8997 | D:10     | Reached skill level 1 in Staves
  9193 | D:10     | Noticed a two-headed ogre
  9215 | D:10     | Killed a two-headed ogre
  9216 | D:10     | Reached skill level 12 in Fighting
  9300 | D:10     | Found a portal to a secret trove of treasure.
  9327 | D:10     | Noticed a cyclops
  9334 | D:10     | Killed a cyclops
  9335 | D:10     | Reached skill level 5 in Armour
  9511 | D:10     | Found the +3 crown of Dyrovepreva {rElec Int+2 SInv}
  9526 | D:10     | You fall into a shaft and drop 3 floors!
  9683 | D:13     | Noticed a purple ugly thing
  9693 | D:13     | Killed a purple ugly thing
  9694 | D:13     | Reached skill level 1 in Throwing
  9694 | D:13     | Reached XP level 11. HP: 105/105 MP: 10/10
  9760 | D:12     | Noticed a boulder beetle
  9779 | D:12     | Killed a boulder beetle
  9894 | D:12     | Found Tiqear's Weapon Shop.
  9990 | D:12     | Found Oveakase's Distillery.
 10022 | D:12     | Found Zauvanna's Assorted Antiques.
 10062 | D:12     | Bought a scroll labelled OPEEZI VE BUBO for 30 gold pieces
 10062 | D:12     | Bought a scroll labelled YSONTU TIMY for 30 gold pieces
 10062 | D:12     | Bought a scroll labelled XORCHU LAGROF for 30 gold pieces
 10062 | D:12     | Bought a scroll labelled XORCHU LAGROF for 30 gold pieces
 10062 | D:12     | Bought a scroll labelled JISKAPTOFIOB for 30 gold pieces
 10062 | D:12     | Bought a scroll labelled OPEEZI VE BUBO for 30 gold pieces
 10408 | D:12     | Noticed Lodul
 10409 | D:12     | Noticed a catoblepas
 10494 | D:11     | Noticed a two-headed ogre
 10494 | D:11     | Noticed a two-headed ogre
 10512 | D:11     | Killed a two-headed ogre
 10525 | D:11     | Killed a two-headed ogre
 10696 | D:11     | Reached skill level 13 in Fighting
 10966 | D:11     | Found a staircase to the Lair.
 10967 | D:11     | Noticed an oklob plant
 11114 | D:11     | Reached **** piety under Trog
 11198 | D:11     | Found a staircase to the Orcish Mines.
 11326 | D:11     | Noticed a two-headed ogre
 11332 | D:11     | Killed a two-headed ogre
 12039 | D:11     | Killed an oklob plant
 12040 | D:11     | Reached skill level 10 in Armour
 12084 | Lair:1   | Entered Level 1 of the Lair of Beasts
 12122 | Lair:1   | Reached XP level 12. HP: 116/116 MP: 11/11
 12249 | Lair:1   | Noticed Nergalle
 12263 | Lair:1   | Killed Nergalle
 12276 | Lair:1   | Reached skill level 14 in Fighting
 12422 | Lair:1   | Noticed Maggie
 12434 | Lair:1   | Killed Maggie
 12764 | Lair:1   | Noticed a death yak
 12778 | Lair:1   | Killed a death yak
 13072 | Lair:1   | Reached skill level 5 in Throwing
 13591 | Lair:1   | Reached skill level 15 in Fighting
 13693 | Lair:1   | Noticed a six-headed hydra
 13702 | Lair:1   | Killed a six-headed hydra
 14103 | Lair:2   | Noticed a seven-headed hydra
 14113 | Lair:2   | Killed a seven-headed hydra
 14114 | Lair:2   | Reached skill level 1 in Evocations
 14120 | Lair:2   | Reached skill level 16 in Fighting
 14267 | Lair:2   | Noticed a boulder beetle
 14277 | Lair:2   | Killed a boulder beetle
 14521 | Lair:2   | Reached XP level 13. HP: 129/129 MP: 12/12
 15395 | Lair:3   | Reached skill level 5 in Dodging
 15716 | Lair:3   | Found a hole to the Spider Nest.
 15823 | Lair:3   | Reached skill level 17 in Fighting
 15859 | Lair:3   | Reached skill level 5 in Evocations
 16592 | Lair:3   | Identified the +1 robe of Ebok {rElec rPois rCorr}
 16636 | Lair:3   | Reached ***** piety under Trog
 17363 | Lair:3   | Found a staircase to the Shoals.
 18056 | Lair:4   | Reached XP level 14. HP: 122/141 MP: 13/13
 19000 | Lair:5   | Entered Level 5 of the Lair of Beasts
 19316 | Lair:5   | Reached skill level 18 in Fighting
 19801 | D:10     | Noticed Josephine
 19807 | D:10     | Killed Josephine
 19875 | D:12     | Noticed Sonja
 19888 | D:12     | Killed Sonja
 20044 | Lair:5   | Noticed Kirke
 20053 | Lair:5   | Killed Kirke
 20261 | Lair:5   | Reached skill level 10 in Dodging
 20269 | Lair:5   | Found a burning altar of Makhleb.
 20353 | Lair:5   | Received a gift from Trog
 20399 | Lair:5   | Found a gateway to Hell.
 20406 | Lair:5   | Identified the +0 great mace "Reixtego" {drain, *Slow rF+
                  | rC+}
 20538 | Lair:5   | Reached skill level 19 in Fighting
 20671 | Lair:5   | Found a staircase to the Slime Pits.
 20671 | Lair:5   | Found a broken altar of Ashenzari.
 21016 | Orc:1    | Entered Level 1 of the Orcish Mines
 21353 | Orc:2    | Entered Level 2 of the Orcish Mines
 21479 | Orc:1    | Reached XP level 15. HP: 67/152 MP: 14/14
 22179 | Orc:2    | Found a staircase to the Elven Halls.
 22303 | Orc:2    | Received a gift from Trog
 22341 | Orc:2    | Found Ygoudesm's Book Shop.
 22626 | Orc:2    | Found a radiant altar of Vehumet.
 22670 | Orc:2    | Found an ancient bone altar of Kikubaaqudgha.
 22673 | Orc:2    | Found Peghupp's Distillery.
 22683 | Orc:2    | Bought a potion of heal wounds for 80 gold pieces
 22683 | Orc:2    | Bought a potion of heal wounds for 80 gold pieces
 22779 | Orc:2    | Found Fosest's Antique Weapon Boutique.
 22800 | Orc:2    | Found Enassiewn's Book Shop.
 23125 | D:12     | Found Dusokoj's Assorted Antiques.
 23143 | D:12     | Bought a bubbling sapphire potion for 24 gold pieces
 23201 | D:12     | Killed Lodul
 23449 | D:12     | Noticed Psyche
 23456 | D:12     | Killed Psyche
 23729 | D:13     | Noticed Frances
 24001 | D:13     | Killed Frances
 24271 | D:13     | Received a gift from Trog
 24941 | D:14     | Reached skill level 10 in Evocations
 24968 | D:14     | Identified the ring "Noxuceh" {Wiz Int+4}
 25079 | D:14     | Noticed Jorgrun
 25087 | D:14     | Killed Jorgrun
 25470 | D:14     | Reached skill level 20 in Fighting
 25497 | D:14     | Found a gate to the Vaults.
 25568 | D:14     | Identified the amulet of Beogh's Outrage {+Inv Regen+ rCorr
                  | Stlth-}
 25696 | D:14     | Found a runed translucent door.
 25719 | D:14     | Found a hazy altar of Hepliaklqana.
 25756 | D:14     | Found a stormy altar of Qazlal.
 25782 | D:14     | Found a white marble altar of Elyvilon.
 25804 | D:14     | Found a radiant altar of Vehumet.
 25887 | D:14     | Found a white marble altar of Elyvilon.
 25913 | D:14     | Found a stormy altar of Qazlal.
 26130 | D:14     | Reached ****** piety under Trog
 26315 | D:14     | Received a gift from Trog
 26320 | D:15     | Entered Level 15 of the Dungeon
 26385 | D:15     | Found a gate leading to a gauntlet.
 26398 | Gauntlet | Entered a Gauntlet
 26398 | Gauntlet | Found a transporter.
 26398 | Gauntlet | Found a transporter.
 26399 | Gauntlet | Found a transporter.
 26403 | Gauntlet | Found a transporter.
 26428 | Gauntlet | Found a transporter.
 26432 | Gauntlet | Found a transporter.
 26460 | Gauntlet | Identified the +1 hat "Owkyn" {Rampage *Slow Int-2 Slay+6}
 26485 | Gauntlet | Found a large runed translucent door.
 26485 | Gauntlet | Found a large runed translucent door.
 26486 | Gauntlet | Found a large runed translucent door.
 26486 | Gauntlet | Found a large runed translucent door.
 26493 | Gauntlet | Found a runed translucent door.
 26493 | Gauntlet | Found a runed translucent door.
 26493 | Gauntlet | Found a large runed translucent door.
 26493 | Gauntlet | Found a large runed translucent door.
 26493 | Gauntlet | Found a large runed translucent door.
 26493 | Gauntlet | Found a large runed translucent door.
 26493 | Gauntlet | Found a large runed translucent door.
 26493 | Gauntlet | Found a large runed translucent door.
 26494 | Gauntlet | Found a large runed translucent door.
 26494 | Gauntlet | Found a large runed translucent door.
 26495 | Gauntlet | Found a large runed translucent door.
 26495 | Gauntlet | Found a large runed translucent door.
 26495 | Gauntlet | Found a large runed translucent door.
 26495 | Gauntlet | Found a large runed translucent door.
 26496 | Gauntlet | Found a runed translucent gate.
 26496 | Gauntlet | Found a runed translucent gate.
 26496 | Gauntlet | Found a runed translucent gate.
 26497 | Gauntlet | Found a transporter.
 26498 | Gauntlet | Found a transporter.
 26531 | Gauntlet | Found a transporter.
 26548 | Gauntlet | Found a transporter.
 26575 | Gauntlet | Found a transporter.
 26610 | Gauntlet | Identified the +5 war axe of the Lesser Evil {drain, *Slow
                  | rN++ Dex+6}
 26610 | Gauntlet | Identified the ring "Jahosoff" {rPois EV+4}
 26904 | D:15     | Reached XP level 16. HP: 165/165 MP: 15/15
 27023 | D:15     | Reached skill level 21 in Fighting
 27116 | D:15     | Found a staircase to the Depths.
 27750 | Spider:1 | Entered Level 1 of the Spider Nest
 28673 | Lair:3   | Received a gift from Trog
 29064 | Spider:1 | Reached skill level 22 in Fighting
 29584 | Spider:1 | Reached skill level 10 in Shields
 30093 | Spider:2 | Noticed Azrael
 30104 | Spider:2 | Killed Azrael
 30148 | Spider:2 | Received a gift from Trog
 30820 | Spider:2 | Reached XP level 17. HP: 176/177 MP: 16/16
 30901 | Spider:2 | Reached skill level 23 in Fighting
 31551 | Spider:3 | Noticed Mara
 31577 | Spider:3 | Killed Mara
 31891 | Spider:3 | Received a gift from Trog
 32489 | Spider:4 | Entered Level 4 of the Spider Nest
 33823 | Spider:4 | Found a hide-covered altar of Uskayaw.
 34671 | Spider:4 | Received a gift from Trog
 35175 | Spider:4 | Reached skill level 15 in Shields
 35319 | Spider:4 | Got a gossamer rune of Zot
 35501 | Shoals:1 | Entered Level 1 of the Shoals
 35515 | Shoals:1 | Reached skill level 24 in Fighting
 36114 | Shoals:2 | Found a flickering gateway to a bazaar.
 36132 | Bazaar   | Entered a bazaar
 36134 | Bazaar   | Found Zeczesk's Distillery.
 36138 | Bazaar   | Bought a potion of curing for 45 gold pieces
 36138 | Bazaar   | Bought a potion of invisibility for 120 gold pieces
 36138 | Bazaar   | Bought a potion of invisibility for 120 gold pieces
 36138 | Bazaar   | Bought a potion of heal wounds for 75 gold pieces
 36138 | Bazaar   | Found Deudoivo's Assorted Antiques.
 36138 | Bazaar   | Found Lathun's General Store.
 36138 | Bazaar   | Found Nitanewn's Antique Weapon Boutique.
 36153 | Bazaar   | Bought a scroll of acquirement for 468 gold pieces
 36153 | Bazaar   | Bought a potion of cancellation for 72 gold pieces
 36158 | Bazaar   | Bought a scroll of teleportation for 63 gold pieces
 36158 | Bazaar   | Bought a wand of digging (1) for 88 gold pieces
 36191 | Shoals:2 | Noticed Mlioglotl
 36191 | Shoals:2 | Noticed Aizul
 36197 | Shoals:2 | Reached XP level 18. HP: 190/190 MP: 17/17
 36201 | Shoals:2 | Killed Mlioglotl
 36205 | Shoals:2 | Killed Aizul
 36639 | Shoals:2 | Received a gift from Trog
 36714 | Shoals:3 | Found a runed translucent gate.
 36734 | Shoals:3 | Found a runed translucent gate.
 36735 | Shoals:3 | Found a runed translucent gate.
 36741 | Shoals:3 | Noticed PeterMcNeter's ghost (adept DrCj)
 36751 | Shoals:3 | Noticed Ilsuiw
 36766 | Shoals:3 | Killed Ilsuiw
 36897 | Shoals:3 | Killed PeterMcNeter's ghost
 37163 | Shoals:3 | Acquired the +1 cloak "Bovoschia" {Int+6}
 37305 | Shoals:3 | Noticed Bai Suzhen
 37305 | Shoals:3 | Noticed Donald
 37355 | Shoals:4 | Entered Level 4 of the Shoals
 37578 | Shoals:4 | Received a gift from Trog
 37741 | Shoals:4 | Got a barnacled rune of Zot
 38159 | Vaults:1 | Entered Level 1 of the Vaults
 38449 | Vaults:1 | Reached skill level 25 in Fighting
 38519 | Vaults:1 | Found Zavves's Book Shoppe.
 39050 | Vaults:1 | Received a gift from Trog
 39658 | Vaults:1 | Reached XP level 19. HP: 202/202 MP: 18/18
 40048 | Vaults:2 | HP: 10/202 [ironbound frostheart/creeping frost[a vault
                  | warden] (30)]
 40056 | Vaults:2 | HP: 6/202 [ironbound frostheart/creeping frost[a vault
                  | warden] (17)]
 40627 | Vaults:1 | Received a gift from Trog
 40780 | Vaults:2 | You fall into a shaft and drop 2 floors!
 40900 | Vaults:4 | Noticed a golden dragon
 40918 | Vaults:4 | Killed a golden dragon
 41083 | Vaults:4 | Found Potheru's Armour Shoppe.
 41249 | Vaults:3 | Received a gift from Trog
 41275 | Vaults:3 | You fall into a shaft and drop 1 floor!
 41437 | Vaults:3 | Found a staircase to the Crypt.
 41557 | Abyss:3  | Cast into level 3 of the Abyss (a wizard)
 41575 | Abyss:3  | Reached skill level 26 in Fighting
 41584 | Abyss:3  | Noticed a bone dragon
 41612 | Abyss:3  | Killed a bone dragon
 41684 | Abyss:3  | Paralysed by accursed screaming for 1 turns
 41696 | Abyss:3  | HP: 6/204 [starcursed mass/accursed screaming (7)]
 41705 | Abyss:3  | Got an abyssal rune of Zot
 41715 | Vaults:3 | Escaped the Abyss
 42114 | D:14     | Upgraded the game from 0.30-a0-54-g2e61a25929 to
                  | 0.30-a0-55-g90e3122c3a
 42198 | Depths:1 | Entered Level 1 of the Depths
 42314 | Depths:1 | Found Pociz's Antique Weapon Shop.
 42522 | D:15     | Reached XP level 20. HP: 144/214 MP: 19/19
 42714 | Depths:1 | Found a one-way gateway to a ziggurat.
 42721 | Depths:1 | Paralysed by a vampire knight for 3 turns
 42827 | Depths:1 | Received a gift from Trog
 43225 | Depths:1 | Found a shimmering blue altar of Sif Muna.
 43733 | Depths:1 | Reached skill level 27 in Fighting
 43967 | Depths:2 | Found a transporter.
 43967 | Depths:2 | Found a transporter.
 44103 | Depths:2 | Found a one-way gate leading to the halls of Pandemonium.
 44155 | Depths:2 | Noticed Pein's ghost (veteran DrFE)
 44161 | Depths:2 | Noticed a juggernaut
 44185 | Depths:2 | Noticed a doom hound
 44186 | Depths:2 | Noticed a doom hound
 44186 | Depths:2 | Noticed Grunn
 44186 | Depths:2 | Noticed a doom hound
 44195 | Depths:2 | Noticed a bone dragon
 44244 | Depths:2 | Noticed a bone dragon
 44262 | Depths:2 | HP: 9/212 [poisoned by a putrid mouth (dark miasma)]
 44267 | Depths:2 | HP: 6/207 [Tzitzimitl[a doom hound] (8)]
 44268 | Depths:2 | Slain by a bone dragon

Illustrated notes

Levels and vault maps discovered:
D:1:      evilmike_arrival_plus, layout_rooms
D:2:      minmay_evil_eye, layout_loops_ring, ebering_ecumenical_altar_box
D:3:      layout_basic, palyth_temple_overflow_mages, nzn_wu_jian_contemplation,
          amethyst_overflow_temple_binary, portal_sewer_entry_c
D:4:      layout_basic, trog_book, nicolae_ru_great_annihilating_truth
D:5:      layout_loops_ring, nicolae_dithmenos_the_darkroom,
          overflow_temple_1_default
D:6:      layout_basic
D:7:      layout_loops_ring, minmay_temple_entry_poolview, uniq_joseph
D:8:      layout_loops_ring, mainiacjoe_overflow_cross_hatched,
          beargit_hepliaklqana_dungeon_heroes, grunt_ministairs_7,
          dk_noncrumbling_4
D:9:      layout_roguey, mainiacjoe_overflow_paths,
          nicolae_elyvilon_peaceful_grove
D:10:     layout_basic, nicolae_trove_entry_crossroad, pond, uniq_josephine
D:11:     layout_basic, dpeg_oklobed_lair, erik_orc_3
D:12:     layout_irregular_city, serial_shops, nicolae_shop_advertising_works
          [nicolae_subvault_shop_adworks], nicolae_shop_bloodbath_and_beyond,
          nicolae_shop_trees, nicolae_square_shop, uniq_psyche, uniq_sonja,
          uniq_lodul
D:13:     layout_loops_ring, uniq_frances
D:14:     due_megacathedral, layout_small_grid, ximxim_vaults_locker_room,
          minivault_25, uniq_jorgrun
D:15:     grunt_enter_depths_hoard, layout_irregular_city,
          hangedman_abyss_or_decor_passed, gauntlet_entry_generic
Lair:1:   layout_long_grid, nzn_random_ring, grunt_megastairs_1, uniq_nergalle,
          uniq_maggie
Lair:2:   layout_roguey, serial_bayou_shore_a
Lair:3:   layout_layer_cave, minmay_shoals_entry_lonely_mermaid,
          nicolae_spider_entry_tight_spaces
Lair:4:   layout_misc_corridors
Lair:5:   evil_forest, layout_hall_layers, slime_entry_1, basic_altar,
          ice2_lemuel, uniq_kirke
Shoals:1: layout_shoals
Shoals:2: layout_shoals, serial_shops, bzr_entry_dummy, uniq_mlioglotl,
          uniq_aizul
Shoals:3: layout_shoals, gammafunk_ghost_necromancy, uniq_bai_suzhen,
          uniq_ilsuiw, uniq_donald
Shoals:4: shoals_end_simple, layout_shoals, nicolae_shoals_circle_sea_wall
Spider:1: spiders_nest_a
Spider:2: layout_chambers, nicolae_spider_undead_wolf_pack, uniq_azrael
Spider:3: layout_spider_delve, uniq_mara
Spider:4: spider_rune_water, special_room [special_room_bee],
          nicolae_spider_altar_of_dancing
Orc:1:    layout_caves, kennysheep_orc_chapel
Orc:2:    kennysheep_orc_mage_school, layout_caves, abandoned_shop
Vaults:1: nicolae_vaults_rhombus_7, vaults_room_fancy_cross, v_pattern_2,
          v_misc_3, v_misc_22, grunt_vaults_hallway_long,
          nicolae_vaults_little_squares_2, nicolae_vaults_little_squares_6,
          vaults_mumra_hex, layout_vaults_omnigrid, serial_shops, shop
Vaults:2: v_misc_14, st_squares, nicolae_vaults_shelves_hall,
          vaults_mumra_minichess_inversion, hangedman_vaults_slither,
          vaults_dpeg_diagonal, nicolae_vaults_little_ls,
          hangedman_vaults_cutoff, v_misc_26, vaults_dpeg_emergency_exit,
          v_rooms_2, vaults_standard_mumra_x, v_alt_pattern_1,
          ontoclasm_vaults_ring_small, v_misc_15, vaults_dpeg_encased_lava,
          layout_vaults_omnibox
Vaults:3: special_room_vaults [special_room_orc], v_rooms_6,
          minmay_crypt_entry_simple_plaza, nicolae_vaults_triangles, v_misc_13,
          nicolae_vaults_little_squares_1, v_misc_2, v_misc_5, v_misc_24,
          nicolae_vaults_alarming, layout_vaults_omnicross
Vaults:4: ebering_ghost_reflecting_pool, grunt_vaults_twisty, v_misc_29,
          vaults_room_corners, ontoclasm_vaults_echo, vaults_room_octagon,
          vaults_room_large_hall, ontoclasm_vaults_decontamination,
          nicolae_vaults_network_square, grunt_vaults_focal,
          nicolae_vaults_network_quinsquares
          [nicolae_vaults_network_quincunx_subvault,
          nicolae_vaults_network_quincunx_subvault,
          nicolae_vaults_network_quincunx_subvault,
          nicolae_vaults_network_quincunx_subvault], v_misc_11,
          layout_vaults_big_room, serial_shops, shop_statue
Depths:1: hellmonk_ruined_rings, layout_long_grid, enter_ziggurat_e,
          serial_shops, shop_coins, led_sif_pool, grunt_hell_horde,
          dreamdust_wasp_nest
Depths:2: minmay_skeletal_surprise, layout_honeycomb, serial_glass,
          glass_columns_a, glass_columns_b, nzn_ghost_randoct, hell_entry,
          rand_demon_pan_entry_3, minmay_staircase_bubble, uniq_grunn

Skill      XL: |  1  2  3  4  5  6  7  8  9 10 11 12 13 14 15 16 17 18 19 20 |
---------------+-------------------------------------------------------------+-----
Polearms       | 4 5 6 7 8 10 13 14 | 14.0
Fighting       | 4 5 6 8 10 12 13 16 17 19 20 22 24 25 26 27 | 27.0
Shields        | 1 2 3 4 5 6 11 15 19 22 23 | 23.4
Armour         | 5 10 12 | 12.0
Staves         | 4 |  4.0
Throwing       | 1 4 6 |  6.0
Evocations     | 2 6 9 11 | 11.2
Dodging        | 3 7 10 12 | 12.0

Action                   |  1- 3 |  4- 6 |  7- 9 | 10-12 | 13-15 | 16-18 | 19-21 || total
-------------------------+-------+-------+-------+-------+-------+-------+-------++-------
Melee: Spear             |    93 |   202 |   372 |       |       |       |       ||   667
       Headbutt          |     8 |    31 |    71 |   151 |   302 |   353 |   271 ||  1187
       Trident           |       |       |    47 |   767 |   515 |       |       ||  1329
       Demon trident     |       |       |       |       |   907 |  1669 |   833 ||  3409
Invok: Berserk           |     4 |     2 |    12 |    24 |    19 |     7 |     1 ||    69
       Trog's Hand       |       |     1 |     2 |     3 |     2 |     2 |     3 ||    13
       Brothers in Arms  |       |       |       |       |     2 |     6 |     7 ||    15
Evoke: Wand              |       |       |       |     1 |     4 |     3 |     2 ||    10
       Phantom mirror    |       |       |       |       |       |       |     1 ||     1
  Use: Scroll            |     2 |     1 |     8 |     7 |    23 |    10 |    11 ||    62
       Potion            |       |       |       |       |     1 |     5 |    21 ||    27
 Stab: Paralysed         |       |       |     2 |       |       |       |       ||     2
       Distracted        |       |       |       |       |       |     1 |       ||     1
       Fleeing           |       |       |       |       |       |       |     1 ||     1
       Sleeping          |       |       |       |       |       |       |     1 ||     1
Armor: Animal skin       |     5 |       |       |       |       |       |       ||     5
       Plate armour      |    36 |   105 |   227 |   284 |   502 |   991 |   240 ||  2385
Dodge: Dodged            |    22 |    36 |   127 |   155 |   398 |  1033 |   215 ||  1986
Block: Buckler           |    11 |    29 |    59 |   155 |   259 |   298 |       ||   811
       Tower shield      |       |       |       |       |       |   881 |   655 ||  1536
       Reflection        |       |       |       |       |       |    58 |    57 ||   115

Table legend: (Time is in decaauts)
 A = Elapsed time spent in this place.
 B = Non-inter-level travel time spent in this place.
 C = Inter-level travel time spent in this place.
 D = Time resting spent in this place.
 E = Time spent auto-exploring this place.
 F = Levels seen in this place.
 G = Mean time per level.
                   A        B        C        D        E       F      G
               +--------+--------+--------+--------+--------+-----+--------+
         Total |  43695 |  40692 |   3003 |  11346 |  13511 |  40 | 1092.4 |
       Dungeon |  17053 |  15916 |   1137 |   3722 |   7437 |  15 | 1136.9 |
          Lair |  10042 |   9090 |    952 |   3239 |   3474 |   5 | 2008.4 |
        Shoals |   2566 |   2358 |    208 |    342 |     58 |   4 |  641.5 |
   Spider Nest |   5738 |   5427 |    311 |   1911 |    917 |   4 | 1434.5 |
  Orcish Mines |   1899 |   1708 |    191 |    238 |    833 |   2 |  949.5 |
        Vaults |   3605 |   3449 |    156 |   1282 |    406 |   4 |  901.2 |
        Depths |   1549 |   1504 |     45 |    332 |    224 |   2 |  774.5 |
         Abyss |    135 |    135 |      0 |      0 |      0 |   1 |  135.0 |
        Bazaar |     31 |     31 |      0 |      0 |      0 |   1 |   31.0 |
         Sewer |    775 |    775 |      0 |    221 |    160 |   1 |  775.0 |
      Gauntlet |    297 |    297 |      0 |     57 |      0 |   1 |  297.0 |
               +--------+--------+--------+--------+--------+-----+--------+

Top non-repeatable levels by time:
  Lair:3: 3892 daAuts
Vaults:1: 2388 daAuts
    D:11: 1996 daAuts
Spider:2: 1975 daAuts
  Lair:2: 1909 daAuts
    D:12: 1892 daAuts
  Lair:1: 1872 daAuts
Spider:3: 1688 daAuts
    D:14: 1491 daAuts
   Orc:2: 1467 daAuts
    D:15: 1426 daAuts
Depths:1: 1262 daAuts
  Lair:5: 1257 daAuts
     D:8: 1178 daAuts
     D:9: 1164 daAuts
